 Dungeon Crawl Stone Soup version 0.31-a0-1206-g41278d8d1d (webtiles) character file.

Game seed: 103604073977607482

49 olourkin the Changeling (level 3, -6/26 HPs)
             Began as a Merfolk Shapeshifter on Dec 14, 2023.
             Mangled by a gnoll
             ... wielding a +0 halberd
              (8 damage)
             ... on level 2 of the Dungeon.
             The game lasted 00:10:34 (1038 turns).

olourkin the Changeling (Merfolk Shapeshifter)      Turns: 1038, Time: 00:10:35

Health: -6/26      AC:  2    Str: 14    XL:     3   Next: 77%
Magic:  3/3        EV: 13    Int:  9    God:
Gold:   65         SH:  0    Dex: 15    Spells: 2/2 levels left

rFire   . .          .
                       - Unarmed
rCold   + . .        (no shield)
rNeg    . . .        a - +0 animal skin
rPois   .            (helmet currently unavailable)
rElec   .            (cloak currently unavailable)
rCorr   .            (gloves currently unavailable)
SInv    .            (boots currently unavailable)
Will    .....        (no amulet)
Stlth   ++           n - ring of protection from cold
HPRegen 0.24/turn    (no ring)
MPRegen 0.08/turn

%: no passive effects
@: beast-form
A: beast (slay +2), (nimble swimmer 2), mertail
a: Begin Untransformation


You were on level 2 of the Dungeon.
You were a hulking beast.
You visited 1 branch of the dungeon, and saw 2 of its levels.

You collected 65 gold pieces.

Inventory:

Missiles
 h - 6 poisoned darts
 m - 7 stones
Armour
 a - a +0 animal skin (worn)
Jewellery
 n - a ring of protection from cold (left hand)
Talismans
 c - a beast talisman
 d - a flux talisman
Scrolls
 e - a scroll of torment {unknown}
 f - a scroll of noise {unknown}
 g - a scroll of immolation {unknown}
 i - a scroll of enchant armour {unknown}
 j - a scroll of teleportation {unknown}
 k - 4 scrolls of identify {unknown}
 l - a scroll of brand weapon {unknown}
 o - a scroll of amnesia {unknown}
Potions
 b - a potion of lignification {!q}


   Skills:
 - Level 1.1 Fighting
 + Level 3.2 Dodging
 + Level 1.2 Stealth
 * Level 3.4 Unarmed Combat
 + Level 5.2 Shapeshifting


You had 2 spell levels left.
You didn't know any spells.
Your spell library contained the following spells:

 Spells                   Type           Power      Damage    Failure   Level
 Ozocubu's Armour         Ice            0%         N/A       77%         3
 Metabolic Englaciation   Hex/Ice        0%         N/A       100%        5
 Simulacrum               Ice/Necr       0%         N/A       100%        6


Dungeon Overview and Level Annotations

Branches:
Dungeon (2/15)

Altars:

Shops:
D:1 [


Innate Abilities, Weirdness & Mutations

You are a hulking beast.
Your limbs bulge with bestial killing power. (Slay +2)
((You are very nimble when in or above water. (Stealth+, EV+, Speed+++)))
Your lower body shifts to a powerful aquatic tail in water.


Message History

You kill the goblin!
Things that are here:
a +0 club; a goblin corpse You now have 53 gold pieces (gained 4).
A kobold comes into view. It is wielding a +0 whip.
The kobold shouts!
You see here 12 gold pieces.
A kobold is nearby!
You now have 65 gold pieces (gained 12).
A bat comes into view.
You miss the kobold. The kobold closely misses you.
The gnoll shouts!
You hit the kobold.
You kill the kobold!
A gnoll comes into view. It is wielding a +0 spear.
The bat closely misses you. The bat hits you. The bat misses you.
The bat barely misses you. The bat completely misses you.
You punch the bat!
You kill the bat!
You don't know any spells.
Attack: -) Nothing wielded
Press: ? - help, Dir - move target, f - you
Okay, then.
Okay, then.
The gnoll barely misses you. The gnoll barely misses you.
You see here a bat corpse.
The gnoll shouts! x2
You punch the gnoll!
The gnoll is almost dead.
The gnoll barely misses you.
The gnoll hits you from afar with a +0 spear!
The gnoll hits you from afar with a +0 halberd!
Ouch! That really hurt!
* * * LOW HITPOINT WARNING * * *
The gnoll attacks as it pursues you!
The gnoll hits you from afar with a +0 halberd!
You die...

#........##.. ....
#........##.. ..#
#........##.. ..# #
........#... ...
..###......... #.#
#............# #.#
##.....)...# #.#
##......... #h#
##.......##
#.######........#
#g##............#
#######.##.##....##....#
#.....ggg..##.#.........
#######.#...............
#)....g.....g.....
#............##...
#............#


You could see 4 gnolls.

Vanquished Creatures
  An adder (D:2)
  2 dart slugs (D:1)
  4 ball pythons
  A bat (D:2)
  3 endoplasms (D:1)
  5 goblins
  4 hobgoblins
  7 kobolds
  2 quokkas (D:1)
  A frilled lizard (D:1)
  A rat (D:1)
31 creatures vanquished.

Notes
Turn   | Place    | Note
-------+----------+-------------------------------------------
     0 | D:1      | olourkin the Merfolk Shapeshifter began the quest for the
                  | Orb.
     0 | D:1      | Reached XP level 1. HP: 15/15 MP: 1/1
    57 | D:1      | Found Kologrew's Armour Emporium.
   128 | D:1      | Reached XP level 2. HP: 21/21 MP: 2/2
   167 | D:1      | Reached skill level 5 in Shapeshifting
   288 | D:1      | Reached XP level 3. HP: 26/26 MP: 3/3
   775 | D:2      | Reached skill level 1 in Stealth
  1038 | D:2      | Mangled by a gnoll

Illustrated notes

Levels and vault maps discovered:
D:1:      ncdulo_lavacross, layout_rooms, serial_shops, shop_statue,
          grunt_decor_fettered
D:2:      layout_rooms

Skill      XL: |  1  2  3 |
---------------+----------+-----
Shapeshifting  | 5 |  5.2
Dodging        | 3 |  3.2
Stealth        | 1 |  1.2
Fighting       | |  1.1
Unarmed Combat | |  3.4

Action                     || total
---------------------------++-------
  Melee: Unarmed           ||    73
         Punch             ||     1
    Use: Scroll            ||     1
   Stab: Sleeping          ||     2
 Armour: Animal skin       ||    20
  Dodge: Dodged            ||    36

Table legend: (Time is in decaauts)
 A = Elapsed time spent in this place.
 B = Non-inter-level travel time spent in this place.
 C = Inter-level travel time spent in this place.
 D = Time resting spent in this place.
 E = Time spent auto-exploring this place.
 F = Levels seen in this place.
 G = Mean time per level.
                   A        B        C        D        E       F      G
               +--------+--------+--------+--------+--------+-----+--------+
         Total |   1035 |    943 |     92 |    208 |    449 |   2 |  517.5 |
       Dungeon |   1035 |    943 |     92 |    208 |    449 |   2 |  517.5 |
               +--------+--------+--------+--------+--------+-----+--------+

Top non-repeatable levels by time:
     D:1: 727 daAuts
     D:2: 308 daAuts
